 Dungeon Crawl Stone Soup version 0.17-a0-1923-gc35365e (webtiles) character file.

91 derrpe the Vexing (level 4, -8/30 HPs)
             Began as a Vampire Enchanter on Sept 29, 2015.
             Killed by divine providence
             ... invoked by an orc priest
              (13 damage)
             ... on level 3 of the Dungeon.
             The game lasted 00:04:02 (2044 turns).

derrpe the Vexing (Vampire Enchanter)               Turns: 2044, Time: 00:04:02

Health: -8/30      AC:  5    Str:  7    XL:     4   Next: 33%
Magic:  2/7        EV:  7    Int: 18    God:
Gold:   148        SH:  0    Dex: 14    Spells: 3 memorised, 1 level left

rFire  . . .     SeeInvis +     a - +1 dagger
rCold  + + +     Clarity  .     u - +1 leather armour {rC+}
rNeg   + + +     SustAt   +     (no shield)
rPois  +         Gourm    .     (no helmet)
rElec  .         Spirit   .     e - +0 cloak
rCorr  +         Warding  .     (no gloves)
rMut   .         Stasis   .     (no boots)
MR     .....                    i - amulet of resist corrosion
Stlth  +++.......               r - ring of wizardry
                                q - ring of sustain attributes

@: regenerating slowly, not resistant to hostile enchantments, fairly stealthy
A: fangs 3, see invisible, unbreathing
a: Bat Form


You were on level 3 of the Dungeon.
You were near bloodless.

You visited 1 branch of the dungeon, and saw 3 of its levels.

You collected 148 gold pieces.

Inventory:

Hand weapons
 a - a +1 dagger (weapon)
Armour
 b - a +1 robe
 e - a +0 cloak (worn)
 u - a +1 leather armour of cold resistance (worn)
Jewellery
 i - an amulet of resist corrosion (around neck)
 q - a ring of sustain attributes (left hand)
 r - a ring of wizardry (right hand)
Scrolls
 g - 2 scrolls of identify
 j - a scroll of magic mapping {unknown}
 k - a scroll of fear
Potions
 d - 5 potions of blood {@q1}
 f - a potion of invisibility
 h - a potion of ambrosia {unknown}
 l - 2 potions of might {unknown}
 m - 3 potions of brilliance {unknown}
 o - a potion of lignification {unknown}
 s - a potion of haste {unknown}
Books
 c - a book of Maledictions

   Spells                             Type                      Level
   a - Corona                         Hexes                        1
   b - Ensorcelled Hibernation        Hexes/Ice                    2
   c - Confuse                        Hexes                        3
   d - Tukima's Dance                 Hexes                        3
   e - Dazzling Spray                 Conjuration/Hexes            3


   Skills:
 - Level 1.1 Short Blades
 - Level 2.1 Dodging
 + Level 5.6 Stealth
 - Level 2.0 Spellcasting
 * Level 6.4 Hexes
 + Level 1.2 Ice Magic


You had one spell level left.
You knew the following spells:

 Your Spells              Type           Power        Failure   Level  Hunger
a - Corona                Hex            ###....      1%          1    #......
b - Ensorcelled Hibernat  Hex/Ice        ###...       4%          2    ###....
c - Confuse               Hex            ###.....     4%          3    ###....


Dungeon Overview and Level Annotations

Branches:
Dungeon (3/15)

Altars:
Dithmenos
Kikubaaqudgha
Zin


Innate Abilities, Weirdness & Mutations

You heal slowly.
You have razor-sharp teeth.
You have supernaturally acute eyesight.
You can survive without breathing.


Message History

You hit the centaur skeleton.
An orc comes into view. It is wielding a club.
You catch the helpless centaur skeleton completely off-guard!
You puncture the centaur skeleton! You hit the centaur skeleton.
An orc priest comes into view. It is wielding a club.
You catch the helpless centaur skeleton completely off-guard!
You puncture the centaur skeleton!
You destroy the centaur skeleton!
You have reached level 4!
A giant newt comes into view.
The orc priest shouts!
The orc moves out of view.
The orc priest calls down the wrath of Beogh upon you.
Something smites you!
* * * LOW HITPOINT WARNING * * *
There is a stone staircase leading up here.
The orc priest mumbles some strange prayers to Beogh against you.
Something smites you!
You die...

# #..........#
##.#######..##.###.#
........##..##.# #.#
............##.###.#
..####.###.##.....#
######........>.....##
..............##.####
####.......>..##.#
..............##@#
.###.........###.# [#
##........# #.# ##
#........# #.#
#.###.#### #.# #.# #.#
#.# .###.## #o#
...#.##...#####.#
.l..............#


You could see an orc priest.

Vanquished Creatures
  A centaur skeleton (D:3)
  3 adders (D:2)
  A giant gecko (D:2)
  3 bat zombies (D:2)
  2 giant cockroaches (D:1)
  4 goblins
  2 hobgoblins (D:2)
  4 kobolds
  A ball python (D:2)
  2 bats
  4 giant newts
  5 rats
  3 rat zombies (D:2)
35 creatures vanquished.

Notes
Turn   | Place    | Note
--------------------------------------------------------------
     0 | D:1      | derrpe the Vampire Enchanter began the quest for the Orb.
     0 | D:1      | Reached XP level 1. HP: 13/13 MP: 3/3
   124 | D:1      | Reached skill level 5 in Hexes
   241 | D:1      | Reached XP level 2. HP: 11/19 MP: 5/5
   606 | D:1      | Learned a level 2 spell: Ensorcelled Hibernation
   870 | D:2      | Found a faded altar to an unknown god.
   946 | D:2      | Reached skill level 5 in Stealth
   946 | D:2      | Reached XP level 3. HP: 7/24 MP: 1/6
  1271 | D:2      | Learned a level 3 spell: Confuse
  1512 | D:2      | Found a glowing silver altar of Zin.
  1512 | D:2      | Found a shadowy altar of Dithmenos.
  1677 | D:2      | Found an ancient bone altar of Kikubaaqudgha.
  1723 | D:2      | Reached skill level 6 in Hexes
  1723 | D:2      | Reached skill level 1 in Ice Magic
  2026 | D:3      | Reached XP level 4. HP: 18/30 MP: 1/7
  2044 | D:3      | Killed from afar by an orc priest

Vault maps used:
D:1:      lightli_arrival_statuegarden
D:2:      lemuel_zombie_altar_kikubaaqudgha, gammafunk_temple_overflow_wave,
          ecumenical_altar_2
D:3:      uniq_terence

Action                   |  1- 3 |  4- 6 || total
-------------------------+-------+-------++-------
Melee: Dagger            |    98 |       ||    98
 Cast: Ensorcelled Hiber |     6 |       ||     6
       Corona            |     2 |       ||     2
       Confuse           |     2 |       ||     2
  Use: Scroll            |     5 |       ||     5
 Stab: Sleeping          |    14 |       ||    14
       Confused          |     2 |       ||     2
